 Dungeon Crawl Stone Soup version 0.24-a0-584-g9d6b971ae4 (webtiles) character file.

Game seed: 16791052301302133537, levelgen mode: deterministic

187 DEFE the Shield-Bearer (level 5, 0/46 HPs)
             Began as a Draconian Fighter on Aug 30, 2019.
             Slain by an orc
             ... wielding a +0 mace
              (5 damage)
             ... on level 3 of the Dungeon.
             The game lasted 00:03:03 (2169 turns).

DEFE the Shield-Bearer (Draconian Fighter)          Turns: 2169, Time: 00:03:03

Health: 0/46       AC:  5    Str: 19    XL:     5   Next: 39%
Magic:  5/5        EV: 11    Int:  9    God:
Gold:   187        SH:  0    Dex: 10    Spells: 4/4 levels left

rFire    . . .     SeeInvis .   o - -1 mace (curse)
rCold    . . .     Gourm    .   b - +0 shield
rNeg     . . .     Faith    .   (armour unavailable)
rPois    .         Spirit   .   (helmet restricted)
rElec    .         Reflect  .   (no cloak)
rCorr    .         Harm     .   (no gloves)
MR       .....                  (no boots)
Stlth    ++........             (no amulet)
HPRegen  0.15/turn              e - ring of stealth
MPRegen  0.09/turn              (no ring)

@: confused, flying
A: unfitting armour, cold-blooded, AC +5
a: no special abilities


You were on level 3 of the Dungeon.
You were not hungry.

You visited 1 branch of the dungeon, and saw 3 of its levels.

You collected 187 gold pieces.

Inventory:

Hand Weapons
 a - a +0 flail
 k - a +1 dagger of venom
 o - a cursed -1 mace (weapon)
Armour
 b - a +0 shield (worn)
Jewellery
 e - a ring of stealth (left hand)
 n - an uncursed ring of ice
Scrolls
 h - a scroll of fear
Potions
 c - 2 potions of might
 j - a potion of curing {unknown}
 m - a potion of resistance {unknown}
Comestibles
 d - 7 rations


   Skills:
 - Level 3.9 Fighting
 - Level 1.0 Short Blades
 + Level 3.4 Maces & Flails
 - Level 3.4 Dodging
 - Level 0.7 Stealth
 - Level 4.0 Shields


You had 4 spell levels left.
You didn't know any spells.
Your spell library was empty.

Dungeon Overview and Level Annotations

Branches:
Dungeon (3/15)

Altars:
Ashenzari
Dithmenos
Nemelex Xobeh


Innate Abilities, Weirdness & Mutations

Your plain brown scales are hard. (AC +5)
You cannot fit into any form of body armour.
You are cold-blooded and may be slowed by cold attacks.


Message History

You block the orc's attack. x2
You take 1 damage, and have 12/46 hp.
Unknown command.
You hit the orc wizard but do no damage.
The orc wizard mumbles some strange words.
The orc wizard flickers and vanishes!
Deactivating autopickup; reactivate with Ctrl-A.
The orc hits you but does no damage.
You hear some strange, mumbled words.
You are confused.
The orc hits you with a +0 flail.
* * * LOW HITPOINT WARNING * * *
You take 4 damage, and have 8/46 hp.
Unknown command.
It was a potion of flight.
You feel very buoyant.
You fly up into the air.
Something hits you.
* * * LOW HITPOINT WARNING * * *
The orc hits you with a +0 mace.
You die...

#....# #............
#....##########......###..
#...................##.##.
#.................#.#._.#.
###...............#....[..
#...............##.....#
#..............#.##...##
######.........#..#####
#########.@.............
##......##o{o............
#..........................
#..........................
#..........................
#............##.........#
##......#######.........#
######## #.........#
#.........#


You could see 2 orcs.

Vanquished Creatures
  A howler monkey (D:3)
  A worker ant (D:3)
  6 adders
  A worm (D:2)
  2 dart slugs (D:1)
  An orc (D:3)
  4 giant cockroaches
  7 goblins
  6 hobgoblins
  10 jackals (D:1)
  2 quokkas
  A ball python (D:1)
  A ball python skeleton (D:3)
  5 bats
  3 frilled lizards
  8 kobolds
  5 rats
64 creatures vanquished.

Notes
Turn   | Place    | Note
-------+----------+-------------------------------------------
     0 | D:1      | DEFE the Draconian Fighter began the quest for the Orb.
     0 | D:1      | Reached XP level 1. HP: 19/19 MP: 1/1
   105 | D:1      | Reached XP level 2. HP: 14/26 MP: 2/2
   651 | D:1      | Found a shattered altar of Ashenzari.
   659 | D:1      | Reached XP level 3. HP: 28/31 MP: 3/3
   937 | D:2      | Reached XP level 4. HP: 29/39 MP: 4/4
  1671 | D:3      | Reached skill level 1 in Short Blades
  1671 | D:3      | Reached skill level 4 in Shields
  1671 | D:3      | Reached XP level 5. HP: 46/46 MP: 5/5
  1697 | D:3      | Found a sparkling altar of Nemelex Xobeh.
  1872 | D:3      | Found a shadowy altar of Dithmenos.
  2169 | D:3      | Slain by an orc

Levels and vault maps discovered:
D:1:      dpeg_arrival_rooms_with_view, layout_basic, evilmike_ruin_ashenzari
D:2:      layout_rooms, eino_curves_02
D:3:      layout_basic, nemelex_xobeh_ov_fountains_minmay,
          nicolae_dithmenos_through_a_glass_darkly

Skill      XL: |  1  2  3  4 |
---------------+-------------+-----
Dodging        | 3 |  3.4
Maces & Flails | 3 |  3.4
Short Blades   | 1 |  1.0
Shields        | 4 |  4.0
Fighting       | |  3.9
Stealth        | |  0.7

Action                   |  1- 3 |  4- 6 || total
-------------------------+-------+-------++-------
Melee: Flail             |    88 |       ||    88
       Tailslap          |    11 |     7 ||    18
       Dagger            |    10 |    71 ||    81
       Mace              |       |    30 ||    30
  Use: Scroll            |       |     3 ||     3
       Potion            |       |     1 ||     1
 Stab: Sleeping          |     1 |     4 ||     5
  Eat: Chunk             |       |     4 ||     4
Armor: Skin              |    31 |    28 ||    59
Dodge: Dodged            |    45 |    45 ||    90
Block: Shield            |    63 |    43 ||   106

Table legend:
 A = Non-vault XP
 B = Vault XP
 C = Vault XP percentage of total XP
 D = Non-vault monster count
 E = Vault monster count
 F = Vault count percentage of total count
                 A         B        C        D         E       F
            +---------+---------+-------+---------+---------+-------
      Total |     265 |       3 |   1.1 |      62 |       2 |   3.1
            +---------+---------+-------+---------+---------+-------
        D:1 |      48 |       3 |   5.9 |      26 |       2 |   7.1
        D:2 |      81 |       0 |   0.0 |      18 |       0 |   0.0
        D:3 |     136 |       0 |   0.0 |      18 |       0 |   0.0
            +---------+---------+-------+---------+---------+-------
